 Dungeon Crawl Stone Soup version 0.21-a0-509-gecc5317 (webtiles) character file.

7388 Gildeon the Severer (level 10, -2/81 HPs)
             Began as a Minotaur Fighter on Nov 30, 2017.
             Was a High Priest of Dithmenos.
             Killed from afar by Erolcha (41 damage)
             ... with a crystal spear
             ... on level 10 of the Dungeon on Dec 1, 2017.
             The game lasted 00:44:30 (10561 turns).

Gildeon the Severer (Minotaur Fighter)             Turns: 10561, Time: 00:44:31

Health: -2/81      AC: 11    Str: 25    XL:     10   Next: 92%
Magic:  9/9        EV: 13    Int:  9    God:    Dithmenos [*****.]
Gold:   317        SH: 10    Dex: 11    Spells: 7/9 levels left

rFire    . . .     SeeInvis .   s - +2 hand axe (chop)
rCold    . . .     Gourm    .   c - +0 shield
rNeg     . . .     Faith    +   C - +0 ring mail
rPois    .         Spirit   .   y - +2 hat {Int+3}
rElec    .         Reflect  .   (no cloak)
rCorr    .         Harm     .   i - +0 pair of gloves
MR       .....     Rnd*Rage +   v - +0 pair of boots
Stlth    +.........             u - amulet of faith
HPRegen  0.23/turn              E - +2 ring of evasion
MPRegen  0.11/turn              A - +3 ring of strength

@: wreathed by umbra
A: retaliatory headbutt, horns 2, berserk 1
a: Shadow Step, Shadow Form, Renounce Religion


You were on level 10 of the Dungeon.
You worshipped Dithmenos.
Dithmenos was extremely pleased with you.
You were not hungry.

You visited 1 branch of the dungeon, and saw 10 of its levels.

You collected 429 gold pieces.
You spent 112 gold pieces at shops.

Inventory:

Hand Weapons
 s - a +2 hand axe of chopping (weapon)
 x - a +3 spear of venom
Armour
 c - a +0 shield (worn)
 i - a +0 pair of gloves (worn)
 n - a +0 scale mail
 t - a +0 plate armour
 v - a +0 pair of boots (worn)
 y - a +2 hat of intelligence (worn)
 C - a +0 ring mail (worn)
 D - a +1 chain mail of cold resistance
Jewellery
 k - an uncursed ring of resist corrosion
 u - an amulet of faith (around neck)
 A - a +3 ring of strength (right hand)
 E - a +2 ring of evasion (left hand)
Wands
 B - a wand of iceblast (6)
Scrolls
 e - 3 scrolls of fear
 l - 3 scrolls of teleportation
Potions
 b - 4 potions of flight
 d - 2 potions of resistance
 f - 2 potions of haste
 h - a potion of brilliance
 m - 3 potions of berserk rage
 q - 2 potions of lignification
 r - 7 potions of curing
Books
 j - a book of Minor Magic

   Spells                             Type                      Level
   a - Magic Dart                     Conjuration                  1
   b - Blink                          Translocation                2
   c - Call Imp                       Summoning                    2
   d - Slow                           Hexes                        2
   e - Conjure Flame                  Conjuration/Fire             3
   f - Mephitic Cloud                 Conjuration/Poison/Air       3
 z - a book of Ice

   Spells                             Type                      Level
   a - Ice Form                       Ice/Transmutation            4
   b - Metabolic Englaciation         Hexes/Ice                    5
   c - Ozocubu's Refrigeration        Ice                          6
   d - Bolt of Cold                   Conjuration/Ice              6
   e - Freezing Cloud                 Conjuration/Ice/Air          6
   f - Simulacrum                     Ice/Necromancy               6
 F - a book of Callings

   Spells                             Type                      Level
   a - Summon Small Mammal            Summoning                    1
   b - Call Imp                       Summoning                    2
   c - Call Canine Familiar           Summoning                    3
   d - Summon Guardian Golem          Hexes/Summoning              3
   e - Summon Lightning Spire         Summoning/Air                4
   f - Summon Ice Beast               Ice/Summoning                4
Comestibles
 a - 10 chunks of flesh
 g - 5 meat rations
 o - 13 fruits
 w - 2 royal jellies


   Skills:
 - Level 5.0 Fighting
 - Level 16.0 Axes
 - Level 5.0 Throwing
 - Level 6.9 Armour
 + Level 4.8 Dodging
 - Level 3.6 Shields


You had 7 spell levels left.
You knew the following spells:

 Your Spells              Type           Power        Failure   Level  Hunger
a - Blink                 Tloc           N/A          98%         2    ###....


Dungeon Overview and Level Annotations

Branches:
Dungeon (10/15)            Temple (0/1) D:6            Lair (0/6) D:9
    Orc: D:9-12

Altars:
Dithmenos
Sif Muna
Yredelemnul
Beogh

Shops:
D:8 *   D:10 =

Annotations:
D:10 Erolcha


Innate Abilities, Weirdness & Mutations

You reflexively headbutt those who attack you in melee.
You have a pair of horns on your head.
You tend to lose your temper in combat.


Message History

You block the yak's attack.
You barely miss Erolcha.
Erolcha is moderately wounded.
You hit the yak but do no damage. You hit the yak. You block the yak's attack.
Erolcha casts a spell at you. The bolt of cold hits you! The yak gores you!
Your shield prevents you from hitting Erolcha.
Erolcha is moderately wounded.
You slash the yak! x2
Your shadow hits Erolcha but does no damage.
Your shadow hits the yak but does no damage. x2
Erolcha hits you with a giant club!
* * * LOW HITPOINT WARNING * * *
The yak misses you. You furiously retaliate!
You headbutt the yak.
You feel much better. The yak gores you but does no damage.
Erolcha screams, "Erolcha happy to kill you!"
Erolcha casts a spell at you. The crystal spear hits you!
Ouch! That really hurt!
You die...

#.# ..... #.#
..... ##.#
...... #..#
...... ##((#
......####...#
..Y....Y..(..#
...Y..YY..(.##
#.YO@.((..#
####......#
#..###..# #..#
#..# #.## #..#
..# #..# #.##
#.. .. #.


You could see Erolcha and 6 yaks.

Vanquished Creatures
  3 two-headed ogres
  A hippogriff (D:8)
  3 wraiths (D:8)
  3 hungry ghosts
  A water moccasin (D:8)
  3 sky beasts
  4 orc warriors
  A phantom (D:4)
  3 ice beasts
  3 ogres
  2 necrophages
  10 centaurs
  5 bullfrogs
  2 elf zombies (D:8)
  A gnoll sergeant (D:9)
  5 scorpions
  A wight (D:8)
  A bullfrog zombie (D:9)
  A centaur skeleton (D:9)
  3 human zombies (D:8)
  4 hounds
  2 jellies
  3 orc wizards
  A quasit (D:7)
  A bullfrog skeleton (D:9)
  7 orc priests
  Natasha (thrice) (D:2)
  2 human skeletons (D:8)
  An iguana (D:4)
  2 worker ants
  2 hound zombies
  2 hound skeletons (D:8)
  2 worker ant zombies (D:9)
  9 adders
  11 gnolls
  A howler monkey skeleton (D:9)
  2 shadow imps
  An adder zombie (D:5)
  2 oozes
  A worm (D:3)
  2 dart slugs (D:1)
  6 leopard geckos
  50 orcs
  A ball python (D:2)
  8 giant cockroaches
  6 goblins
  7 hobgoblins
  6 jackals (D:3)
  3 quokkas
  A ball python skeleton (D:4)
  7 bats
  2 frilled lizards
  4 kobolds
  A leopard gecko skeleton (D:7)
  A quokka zombie (D:5)
  6 rats
226 creatures vanquished.

Vanquished Creatures (others)
  An orc wizard (D:4)
1 creature vanquished.

Grand Total: 227 creatures vanquished

Notes
Turn   | Place    | Note
-------+----------+-------------------------------------------
     0 | D:1      | Gildeon the Minotaur Fighter began the quest for the Orb.
     0 | D:1      | Reached XP level 1. HP: 19/19 MP: 0/0
   193 | D:1      | Reached skill level 3 in Axes
   314 | D:1      | Reached XP level 2. HP: 26/26 MP: 1/1
   457 | D:1      | Reached skill level 4 in Axes
   631 | D:2      | Noticed Natasha
   638 | D:2      | Killed Natasha
   638 | D:2      | Reached XP level 3. HP: 31/31 MP: 2/2
   729 | D:2      | Found a shadowy altar of Dithmenos.
   732 | D:2      | Became a worshipper of Dithmenos the Shadowed
   812 | D:2      | Reached skill level 5 in Axes
   981 | D:2      | Noticed Natasha
   989 | D:2      | Killed Natasha
   989 | D:2      | Reached XP level 4. HP: 31/39 MP: 3/3
   999 | D:2      | Noticed Natasha
  1005 | D:2      | Killed Natasha
  1005 | D:2      | Reached skill level 6 in Axes
  1363 | D:2      | Noticed an ice beast
  1372 | D:2      | Killed an ice beast
  1372 | D:2      | Reached skill level 7 in Axes
  1372 | D:2      | Reached XP level 5. HP: 18/45 MP: 4/4
  2046 | D:3      | Reached XP level 6. HP: 40/51 MP: 5/5
  2172 | D:3      | Reached skill level 8 in Axes
  2196 | D:3      | Reached * piety under Dithmenos
  3050 | D:4      | Reached skill level 9 in Axes
  3056 | D:4      | Reached ** piety under Dithmenos
  3255 | D:4      | Reached XP level 7. HP: 4/57 MP: 6/6
  3646 | D:4      | Learned a level 2 spell: Blink
  3926 | D:5      | Entered Level 5 of the Dungeon
  3946 | D:4      | Reached skill level 10 in Axes
  4537 | D:5      | Identified a scroll of acquirement
  4706 | D:6      | Reached skill level 11 in Axes
  4706 | D:6      | Reached XP level 8. HP: 41/64 MP: 7/7
  4951 | D:6      | Found a staircase to the Ecumenical Temple.
  5008 | D:6      | Gained mutation: You tend to lose your temper in combat. [mutagenic meat]
  5619 | D:7      | Reached skill level 12 in Axes
  6126 | D:7      | Reached skill level 13 in Axes
  6139 | D:7      | Reached *** piety under Dithmenos
  6883 | D:8      | Reached XP level 9. HP: 28/70 MP: 8/8
  7195 | D:8      | Reached skill level 14 in Axes
  7300 | D:8      | Reached **** piety under Dithmenos
  7337 | D:8      | Found a roughly hewn altar of Beogh.
  7861 | D:8      | Found a deep blue altar of Sif Muna.
  7944 | D:8      | Found Xumily's General Store.
  7953 | D:8      | Reached skill level 15 in Axes
  7966 | D:8      | Bought a scroll of enchant weapon for 112 gold pieces
  8168 | D:8      | Reached skill level 16 in Axes
  8277 | D:8      | Found a basalt altar of Yredelemnul.
  8290 | D:8      | Reached XP level 10. HP: 80/80 MP: 9/9
  8307 | D:8      | Reached skill level 5 in Fighting
  8363 | D:8      | Reached ***** piety under Dithmenos
  8492 | D:9      | Noticed a two-headed ogre
  8502 | D:8      | Killed a two-headed ogre
  9121 | D:9      | Found a staircase to the Lair.
  9156 | D:9      | Reached skill level 5 in Throwing
  9414 | D:9      | Noticed a two-headed ogre
  9423 | D:9      | Killed a two-headed ogre
  9829 | D:9      | Reached skill level 1 in Dodging
 10251 | D:10     | Entered Level 10 of the Dungeon
 10372 | D:10     | Noticed a two-headed ogre
 10384 | D:10     | Killed a two-headed ogre
 10467 | D:10     | Found Eruthrookk's Jewellery Shop.
 10551 | D:10     | Noticed Erolcha
 10561 | D:10     | Killed from afar by Erolcha

Vault maps used:
D:1:      dpeg_arrival_arbitrary_c
D:2:      grunt_dithmenos_smoke_and_mirrors, uniq_natasha
D:4:      cheibrodos_quashed, first_bread
D:6:      minmay_temple_entry_statues
D:8:      lemuel_mausoleum_altar_yredelemnul, serial_shops, shop_fountains,
          special_room, basic_altar
D:9:      dpeg_oklobed_lair
D:10:     serial_shops, nicolae_shop_behind_doors, uniq_erolcha

Skill      XL: |  1  2  3  4  5  6  7  8  9 10 |
---------------+-------------------------------+-----
Axes           | 3 4 5 7 9 11 13 16 | 16.0
Fighting       | 4 5 |  5.0
Throwing       | 5 |  5.0
Armour         | 6 |  6.9
Dodging        | 4 |  4.8
Shields        | |  3.6

Action                   |  1- 3 |  4- 6 |  7- 9 | 10-12 || total
-------------------------+-------+-------+-------+-------++-------
Melee: War axe           |    63 |    28 |   311 |    34 ||   436
       Headbutt          |    14 |    31 |    62 |    21 ||   128
       Hand axe          |       |   131 |    10 |    70 ||   211
Throw: Tomahawk          |       |    35 |   132 |    72 ||   239
       Throwing net      |       |     1 |       |       ||     1
  Use: Scroll            |     2 |     6 |    17 |     2 ||    27
       Potion            |     1 |     2 |     1 |     3 ||     7
  Eat: Chunk             |       |     3 |    11 |     2 ||    16
       Bread ration      |       |     1 |     3 |     1 ||     5
       Meat ration       |       |       |       |     1 ||     1
Armor: Scale mail        |    35 |    36 |       |       ||    71
       Plate armour      |       |    26 |    97 |       ||   123
       Chain mail        |       |     2 |    35 |     6 ||    43
       Ring mail         |       |       |       |    25 ||    25
Dodge: Dodged            |    28 |    35 |    41 |    46 ||   150
Block: Shield            |    26 |    72 |   125 |    49 ||   272

Table legend:
 A = Spawn XP
 B = Non-spawn XP
 C = Spawn XP percentage of total XP
 D = Spawn monster count
 E = Non-spawn monster count
 F = Spawn count percentage of total count
 G = Total turns spent on level
                    A         B        C        D         E        F      G
               +---------+---------+-------+---------+---------+-------+---------
         Total |       0 |   10555 |   0.0 |       0 |     227 |   0.0 | 10561
               +---------+---------+-------+---------+---------+-------+---------
           D:1 |       0 |      31 |   0.0 |       0 |      17 |   0.0 |   631
           D:2 |       0 |     281 |   0.0 |       0 |      19 |   0.0 |  1123
           D:3 |       0 |     200 |   0.0 |       0 |      32 |   0.0 |  1098
           D:4 |       0 |     489 |   0.0 |       0 |      23 |   0.0 |  1184
           D:5 |       0 |     319 |   0.0 |       0 |      16 |   0.0 |   624
           D:6 |       0 |     381 |   0.0 |       0 |       4 |   0.0 |   817
           D:7 |       0 |    1111 |   0.0 |       0 |      31 |   0.0 |  1658
           D:8 |       0 |    4009 |   0.0 |       0 |      48 |   0.0 |  1568
           D:9 |       0 |    2421 |   0.0 |       0 |      29 |   0.0 |  1548
          D:10 |       0 |    1313 |   0.0 |       0 |       8 |   0.0 |   310
               +---------+---------+-------+---------+---------+-------+---------
